[ AOE2 MATCH · #495842087 ]
UnrankedItalians vs Lithuanians
Player's team · LOSS
[ REPLAY ANALYSIS · EXTRACTED FROM THE RECORDED GAME ]
Feudal
10:44
Castle
19:51
Imperial
35:33
| APM avg | 66.1 |
| APM peak | 134 |
| eAPM avg | 30.2 |
| Villagers / military | 178 / 145 |
Focus
⚔️ 35.4% · 🌾 64.6%
Archer ×76 · Knight ×40 · Mangonel ×6 · Trebuchet (Packed) ×6 · Bombard Cannon ×4 · Monk ×3
Feudal
8:36
Castle
20:11
Imperial
36:18
| APM avg | 66.5 |
| APM peak | 127 |
| eAPM avg | 33.1 |
| Villagers / military | 196 / 247 |
Focus
⚔️ 37.5% · 🌾 62.5%
Skirmisher ×126 · Spearman ×56 · Knight ×18 · Trebuchet (Packed) ×17 · Scout Cavalry ×14 · Mangonel ×7
Match map
Initial resources + every placement click. Lines = walls · curves = elevation contours. ◆ gold · ⬟ stone · ● berries · ✦ relic · ◌ wall gap
Your base· ✓ Closed at 19:51 · 42t walls · 1 gate(s)
Cattana's base· Open — 7t gap
Smoothed initial terrain · ◌ = detected wall gap · hover for details
Inputs per minute
— L.L - - Cattana
Build order — L.L
First 150 of 588 actions detected
| 0:01 | Queue | Villager (Male) ×4 |
| 0:01 | Queue | Villager (Male) ×4 |
| 0:02 | Build | House |
| 0:03 | Build | House |
| 1:31 | Queue | Villager (Male) |
| 1:53 | Build | Lumber Camp |
| 1:59 | Queue | Villager (Male) |
| 2:00 | Queue | Villager (Male) |
| 2:04 | Build | Lumber Camp |
| 2:20 | Queue | Villager (Male) |
| 2:20 | Queue | Villager (Male) |
| 2:48 | Queue | Villager (Male) |
| 2:48 | Queue | Villager (Male) |
| 3:11 | Queue | Villager (Male) |
| 3:11 | Queue | Villager (Male) |
| 3:45 | Queue | Villager (Male) |
| 3:49 | Build | House |
| 4:04 | Queue | Villager (Male) |
| 4:24 | Build | Palisade Wall |
| 4:28 | Queue | Villager (Male) |
| 4:45 | Build | Barracks |
| 4:53 | Queue | Villager (Male) |
| 4:53 | Queue | Villager (Male) |
| 5:12 | Build | House |
| 5:17 | Queue | Villager (Male) |
| 5:38 | Build | House |
| 5:39 | Queue | Militia |
| 5:40 | Queue | Militia |
| 5:44 | Queue | Villager (Male) |
| 6:16 | Research | Loom |
| 6:27 | Queue | Militia |
| 6:31 | Build | Palisade Wall |
| 6:32 | Build | Palisade Wall |
| 6:37 | Queue | Villager (Male) |
| 6:56 | Queue | Villager (Male) |
| 7:17 | Build | Mill |
| 7:24 | Build | Palisade Wall |
| 7:25 | Build | Palisade Wall |
| 7:25 | Build | Palisade Wall |
| 7:25 | Build | Palisade Wall |
| 7:33 | Queue | Villager (Male) |
| 7:37 | Build | Palisade Wall |
| 7:39 | Build | Palisade Wall |
| 7:44 | Queue | Villager (Male) |
| 8:34 | Research | Feudal Age |
| 9:00 | Build | House |
| 9:01 | Build | Palisade Wall |
| 9:01 | Build | Palisade Wall |
| 9:15 | Build | House |
| 9:31 | Build | Mining Camp |
| 9:40 | Build | Palisade Wall |
| 9:43 | Build | Palisade Wall |
| 9:45 | Build | Palisade Gate |
| 9:47 | Build | Palisade Wall |
| 10:13 | Build | Farm |
| 10:15 | Build | Farm |
| 10:17 | Queue | Villager (Male) |
| 10:44 | Age | Feudal Age |
| 10:47 | Queue | Villager (Male) |
| 10:52 | Build | Farm |
| 10:59 | Research | Double-Bit Axe |
| 11:06 | Research | Man-at-Arms (upgrade) |
| 11:07 | Queue | Villager (Male) |
| 11:09 | Build | Farm |
| 11:32 | Queue | Spearman |
| 11:41 | Build | Farm |
| 12:04 | Queue | Villager (Male) |
| 12:13 | Queue | Villager (Male) |
| 12:18 | Build | Archery Range |
| 12:20 | Build | House |
| 12:40 | Queue | Villager (Male) |
| 13:06 | Queue | Villager (Male) |
| 13:12 | Queue | Archer |
| 13:12 | Queue | Archer |
| 13:13 | Queue | Villager (Male) |
| 13:20 | Build | Farm |
| 13:21 | Build | Farm |
| 13:23 | Build | Farm |
| 13:33 | Queue | Villager (Male) |
| 13:43 | Build | Farm |
| 13:50 | Queue | Archer |
| 14:07 | Build | Blacksmith |
| 14:10 | Queue | Villager (Male) |
| 14:22 | Queue | Archer |
| 14:41 | Build | Farm |
| 14:47 | Build | Farm |
| 14:53 | Build | House |
| 14:55 | Queue | Archer |
| 14:58 | Queue | Villager (Male) |
| 15:10 | Build | Farm |
| 15:18 | Queue | Villager (Male) |
| 15:23 | Build | Farm |
| 15:30 | Build | Farm |
| 15:32 | Build | Farm |
| 15:36 | Queue | Archer |
| 15:45 | Build | House |
| 15:45 | Build | House |
| 16:12 | Queue | Archer |
| 16:33 | Build | House |
| 17:11 | Research | Castle Age |
| 17:11 | Research | Castle Age |
| 17:13 | Queue | Archer |
| 17:17 | Build | House |
| 17:17 | Build | House |
| 17:28 | Build | Lumber Camp |
| 17:30 | Build | Farm |
| 17:32 | Build | Farm |
| 17:43 | Research | Fletching |
| 17:45 | Queue | Archer |
| 18:04 | Queue | Archer |
| 18:12 | Research | Gold Mining |
| 18:13 | Research | Gold Mining |
| 18:50 | Build | House |
| 19:29 | Build | House |
| 19:51 | Age | Castle Age |
| 19:54 | Build | Monastery |
| 19:55 | Research | Bodkin Arrow |
| 19:55 | Research | Crossbowman (upgrade) |
| 19:56 | Queue | Villager (Male) |
| 20:02 | Build | Siege Workshop |
| 20:09 | Build | House |
| 20:15 | Build | Farm |
| 20:16 | Queue | Villager (Male) |
| 20:19 | Research | Bow Saw |
| 20:19 | Research | Bow Saw |
| 20:38 | Queue | Monk |
| 20:46 | Build | Farm |
| 20:47 | Queue | Villager (Male) |
| 20:52 | Build | House |
| 20:53 | Build | House |
| 20:56 | Queue | Villager (Male) |
| 21:09 | Queue | Scorpion |
| 21:14 | Queue | Villager (Male) |
| 21:24 | Queue | Monk |
| 21:26 | Queue | Archer |
| 21:26 | Queue | Archer |
| 21:49 | Queue | Villager (Male) |
| 22:02 | Queue | Mangonel |
| 22:05 | Queue | Villager (Male) |
| 22:35 | Queue | Villager (Male) |
| 22:45 | Queue | Archer |
| 22:45 | Queue | Archer |
| 23:06 | Queue | Villager (Male) |
| 23:06 | Queue | Scorpion |
| 23:23 | Queue | Villager (Male) |
| 23:31 | Queue | Villager (Male) |
| 23:35 | Queue | Villager (Male) |
| 23:37 | Build | Town Center |
| 23:41 | Build | House |
| 23:48 | Queue | Villager (Male) |
Build order — Cattana
First 150 of 576 actions detected
| 0:00 | Queue | Villager (Male) |
| 0:00 | Queue | Villager (Male) |
| 0:00 | Queue | Villager (Male) |
| 0:02 | Build | House |
| 0:04 | Build | House |
| 0:13 | Queue | Villager (Male) |
| 0:14 | Queue | Villager (Male) |
| 0:14 | Queue | Villager (Male) |
| 0:14 | Queue | Villager (Male) |
| 1:11 | Build | Mill |
| 1:27 | Queue | Villager (Male) |
| 1:27 | Queue | Villager (Male) |
| 2:22 | Queue | Villager (Male) |
| 2:22 | Queue | Villager (Male) |
| 2:49 | Queue | Villager (Male) |
| 2:49 | Queue | Villager (Male) |
| 3:18 | Queue | Villager (Male) |
| 3:19 | Queue | Villager (Male) |
| 3:19 | Queue | Villager (Male) |
| 3:40 | Build | House |
| 3:41 | Build | House |
| 3:50 | Queue | Villager (Male) |
| 4:42 | Queue | Villager (Male) |
| 4:50 | Queue | Villager (Male) |
| 4:52 | Build | Lumber Camp |
| 6:00 | Queue | Villager (Male) |
| 6:13 | Research | Loom |
| 6:13 | Research | Loom |
| 6:26 | Research | Feudal Age |
| 6:26 | Research | Feudal Age |
| 6:44 | Research | Loom |
| 6:44 | Queue | Villager (Male) |
| 6:54 | Build | Palisade Wall |
| 6:56 | Build | Palisade Wall |
| 6:58 | Build | Palisade Wall |
| 7:36 | Build | Palisade Wall |
| 7:46 | Build | Barracks |
| 7:54 | Build | Palisade Wall |
| 7:56 | Build | Palisade Wall |
| 8:04 | Build | Palisade Wall |
| 8:06 | Build | Palisade Wall |
| 8:15 | Build | House |
| 8:18 | Build | House |
| 8:24 | Build | Palisade Wall |
| 8:25 | Build | Palisade Wall |
| 8:36 | Age | Feudal Age |
| 9:13 | Build | Stable |
| 9:19 | Queue | Villager (Male) |
| 9:43 | Queue | Villager (Male) |
| 9:45 | Research | Double-Bit Axe |
| 9:55 | Queue | Scout Cavalry |
| 9:55 | Queue | Scout Cavalry |
| 9:56 | Queue | Scout Cavalry |
| 9:56 | Queue | Villager (Male) |
| 10:06 | Build | Farm |
| 10:21 | Build | Farm |
| 10:37 | Build | Mill |
| 10:51 | Build | Palisade Wall |
| 10:53 | Build | Palisade Wall |
| 10:54 | Build | Palisade Wall |
| 10:55 | Build | Palisade Wall |
| 10:55 | Build | Palisade Wall |
| 10:56 | Build | Palisade Wall |
| 11:00 | Queue | Villager (Male) |
| 11:06 | Build | Farm |
| 11:06 | Build | Farm |
| 11:20 | Queue | Villager (Male) |
| 11:28 | Build | Farm |
| 11:29 | Build | Farm |
| 11:33 | Build | Farm |
| 11:38 | Build | House |
| 11:40 | Build | Farm |
| 11:54 | Queue | Scout Cavalry |
| 11:55 | Queue | Villager (Male) |
| 11:59 | Build | Farm |
| 12:14 | Queue | Villager (Male) |
| 12:14 | Queue | Villager (Male) |
| 12:17 | Build | Farm |
| 12:31 | Queue | Villager (Male) |
| 12:48 | Queue | Villager (Male) |
| 12:48 | Queue | Villager (Male) |
| 13:05 | Queue | Villager (Male) |
| 13:06 | Queue | Villager (Male) |
| 13:13 | Build | Farm |
| 13:16 | Build | Farm |
| 13:17 | Build | Farm |
| 13:18 | Queue | Villager (Male) |
| 13:29 | Build | Mining Camp |
| 13:46 | Build | House |
| 14:04 | Build | Archery Range |
| 14:24 | Queue | Villager (Male) |
| 14:29 | Build | Farm |
| 14:31 | Build | Farm |
| 14:43 | Queue | Villager (Male) |
| 14:53 | Queue | Villager (Male) |
| 15:00 | Queue | Skirmisher |
| 15:00 | Queue | Skirmisher |
| 15:10 | Queue | Skirmisher |
| 15:11 | Queue | Villager (Male) |
| 15:15 | Build | Blacksmith |
| 15:31 | Queue | Skirmisher |
| 15:32 | Queue | Villager (Male) |
| 15:36 | Queue | Villager (Male) |
| 16:02 | Queue | Villager (Male) |
| 16:07 | Queue | Villager (Male) |
| 16:10 | Queue | Skirmisher |
| 16:13 | Build | Farm |
| 16:34 | Queue | Skirmisher |
| 16:50 | Build | House |
| 16:52 | Build | House |
| 16:55 | Queue | Skirmisher |
| 17:19 | Queue | Skirmisher |
| 17:29 | Build | Lumber Camp |
| 17:31 | Research | Castle Age |
| 17:31 | Research | Castle Age |
| 17:31 | Research | Castle Age |
| 17:42 | Queue | Skirmisher |
| 18:01 | Build | House |
| 18:03 | Build | Palisade Wall |
| 18:05 | Build | Palisade Wall |
| 18:08 | Queue | Skirmisher |
| 18:10 | Research | Padded Archer Armor |
| 18:10 | Research | Padded Archer Armor |
| 18:12 | Queue | Skirmisher |
| 18:21 | Queue | Skirmisher |
| 18:31 | Build | Palisade Wall |
| 18:34 | Build | Palisade Wall |
| 18:37 | Build | Palisade Wall |
| 18:40 | Queue | Skirmisher |
| 18:42 | Research | Fletching |
| 18:42 | Queue | Villager (Male) |
| 19:00 | Queue | Villager (Male) |
| 19:01 | Queue | Skirmisher |
| 19:05 | Research | Horse Collar |
| 19:10 | Research | Gold Mining |
| 19:10 | Research | Gold Mining |
| 19:15 | Queue | Skirmisher |
| 19:25 | Queue | Skirmisher |
| 19:27 | Queue | Villager (Male) |
| 20:11 | Age | Castle Age |
| 20:20 | Research | Elite Skirmisher (upgrade) |
| 20:20 | Research | Elite Skirmisher (upgrade) |
| 20:21 | Research | Bodkin Arrow |
| 20:21 | Research | Bodkin Arrow |
| 20:22 | Queue | Villager (Male) |
| 20:32 | Build | House |
| 20:33 | Build | Palisade Wall |
| 20:47 | Queue | Villager (Male) |
| 20:48 | Queue | Skirmisher |
| 21:02 | Queue | Villager (Male) |
Match timeline
| 4:24 | L.L · wall_segment Palisade Wall x1 |
| 4:45 | L.L · first_building Barracks |
| 6:31 | L.L · wall_segment Palisade Wall x4 |
| 6:32 | L.L · wall_segment Palisade Wall x7 |
| 6:54 | Cattana · wall_segment Palisade Wall x1 |
| 6:56 | Cattana · wall_segment Palisade Wall x1 |
| 6:58 | Cattana · wall_segment Palisade Wall x4 |
| 7:24 | L.L · wall_segment Palisade Wall x1 |
| 7:25 | L.L · wall_segment Palisade Wall x1 |
| 7:25 | L.L · wall_segment Palisade Wall x1 |
| 7:25 | L.L · wall_segment Palisade Wall x1 |
| 7:36 | Cattana · wall_segment Palisade Wall x1 |
| 7:37 | L.L · wall_segment Palisade Wall x2 |
| 7:39 | L.L · wall_segment Palisade Wall x17 |
| 7:46 | Cattana · first_building Barracks |
| 7:54 | Cattana · wall_segment Palisade Wall x1 |
| 7:56 | Cattana · wall_segment Palisade Wall x2 |
| 8:04 | Cattana · wall_segment Palisade Wall x1 |
| 8:06 | Cattana · wall_segment Palisade Wall x1 |
| 8:24 | Cattana · wall_segment Palisade Wall x1 |
| 8:25 | Cattana · wall_segment Palisade Wall x4 |
| 8:36 | Cattana · age_up feudal |
| 9:01 | L.L · wall_segment Palisade Wall x1 |
| 9:01 | L.L · wall_segment Palisade Wall x1 |
| 9:13 | Cattana · first_building Stable |
| 9:40 | L.L · wall_segment Palisade Wall x1 |
| 9:43 | L.L · wall_segment Palisade Wall x2 |
| 9:47 | L.L · wall_segment Palisade Wall x3 |
| 10:44 | L.L · age_up feudal |
| 10:51 | Cattana · wall_segment Palisade Wall x1 |
| 10:53 | Cattana · wall_segment Palisade Wall x1 |
| 10:54 | Cattana · wall_segment Palisade Wall x1 |
| 10:55 | Cattana · wall_segment Palisade Wall x1 |
| 10:55 | Cattana · wall_segment Palisade Wall x1 |
| 10:56 | Cattana · wall_segment Palisade Wall x1 |
| 12:18 | L.L · first_building Archery Range |
| 14:04 | Cattana · first_building Archery Range |
| 18:03 | Cattana · wall_segment Palisade Wall x11 |
| 18:05 | Cattana · wall_segment Palisade Wall x1 |
| 18:31 | Cattana · wall_segment Palisade Wall x2 |
| 18:34 | Cattana · wall_segment Palisade Wall x1 |
| 18:37 | Cattana · wall_segment Palisade Wall x8 |
| 19:51 | L.L · age_up castle |
| 19:54 | L.L · first_building Monastery |
| 20:02 | L.L · first_building Siege Workshop |
| 20:11 | Cattana · age_up castle |
| 20:33 | Cattana · wall_segment Palisade Wall x7 |
| 23:14 | Cattana · first_building Siege Workshop |
| 28:34 | Cattana · first_building Monastery |
| 32:17 | L.L · first_market_buy 100 food |
| 32:38 | L.L · first_building Castle |
| 33:05 | Cattana · first_market_buy 100 food |
| 34:21 | Cattana · first_building Castle |
| 35:25 | L.L · first_market_sell 100 stone |
| 35:33 | L.L · age_up imperial |
| 35:47 | Cattana · first_market_sell 100 wood |
| 36:18 | Cattana · age_up imperial |
| 37:21 | L.L · wall_segment Palisade Wall x1 |
| 37:24 | L.L · wall_segment Palisade Wall x1 |
| 37:45 | L.L · wall_segment Palisade Wall x1 |
| 37:53 | L.L · wall_segment Palisade Wall x1 |
| 37:55 | L.L · wall_segment Palisade Wall x1 |
| 40:03 | L.L · first_building Stable |
| 49:03 | L.L · resign |
[ AI ANALYSIS · 1 CREDIT ]
What really happened in this match?
Wolo.gg analyzes every decision: build order, eco, micro, common mistakes by bracket. Personalized analysis on WhatsApp or Discord in 30 seconds.
Civ guide
Italians
Perfil
Jugador #295979